[Event "110th Anniversary Open 2020"]
[Site "Hilleroed"]
[Date "2020.02.15"]
[Round "9.10"]
[White "Hansen, Verner"]
[Black "Andersen, Soren Bull"]
[Result "0-1"]
[ECO "D80"]
[WhiteElo "1761"]
[BlackElo "2100"]
[Annotator "NA"]
[PlyCount "78"]
[EventDate "2020.02.08"]
[EventType "swiss"]
[EventCountry "DEN"]
[SourceTitle "playchess.com"]
[Source "ChessBase"]
[SourceQuality "1"]
[TimeControl "40/5400+30:1800+30"]

1. d4 Nf6 2. c4 g6 3. Nc3 d5 4. Bg5 Be6 {[%emt 0:09:14] [#]} 5. cxd5 $146 ({Predecessor:} 5. Bxf6 exf6 6. cxd5 Bxd5 7. e4 Bc6 8. Bc4 Bg7 9. d5 Bd7 10. Qb3 b6 11. d6 O-O 12. dxc7 Qxc7 {½-½ (38) Rocha,M-De Queiroz,G (1826) Brasilia 2013}) 5... Nxd5 6. e4 {[%emt 0:00:43] D80: Grünfeld: Unusual White 4th moves and 4 Bg5.} Nxc3 7. bxc3 Bg7 8. Bb5+ c6 9. Bd3 (9. Be2 $14) 9... O-O (9... c5 $5) 10. Qd2 c5 11. d5 c4 12. Bc2 ({Don't play} 12. Bxc4 $6 Qc7 $11) 12... Bd7 13. Bh6 Bxh6 14. Qxh6 Qa5 15. Ne2 f5 $2 (15... f6 $14) 16. O-O fxe4 17. Bxe4 Bf5 {[%emt 0:00:46] [#]} 18. Qe3 (18. Ng3 $1 $18 {and the rest is easy.} Bxe4 19. Nxe4) 18... Na6 19. Rfd1 (19. Bf3 $16) 19... Nc5 20. Bxf5 Rxf5 21. d6 exd6 22. Rxd6 Qc7 23. Rd4 b5 24. Ng3 Re5 25. Qd2 Rae8 26. f3 Qe7 27. Rd5 Nd3 28. Rxe5 Qxe5 29. Ne4 {[%emt 0:00:10] [#]} a5 (29... b4 $1 $17 ) 30. Qg5 $2 (30. a3 $1 $11) 30... Qxg5 31. Nxg5 Re2 32. Ne4 Rc2 $2 (32... b4 $19 {and Black stays clearly on top.} 33. Kf1 Rc2) 33. a3 Nf4 34. g3 (34. Rb1 $17 {keeps fighting.}) 34... Ne2+ $19 35. Kf1 Nxc3 36. Nd6 Rxh2 37. Kg1 Rd2 38. Nb7 a4 39. Rc1 Ne2+ 0-1

[Event "110th Anniversary Open 2020"]
[Site "Hilleroed"]
[Date "2020.02.15"]
[Round "9.11"]
[White "Kvendseth, Thyra"]
[Black "Lohia, Sohum"]
[Result "1-0"]
[ECO "A07"]
[WhiteElo "1889"]
[BlackElo "2025"]
[Annotator "NA"]
[PlyCount "67"]
[EventDate "2020.02.08"]
[EventType "swiss"]
[EventCountry "DEN"]
[SourceTitle "playchess.com"]
[Source "ChessBase"]
[SourceQuality "1"]
[TimeControl "40/5400+30:1800+30"]

1. Nf3 g6 2. g3 Bg7 3. Bg2 e5 4. d3 Ne7 5. O-O d5 6. e4 O-O 7. Nc3 d4 8. Ne2 c5 {[%emt 0:01:33] A07: Réti Opening: New York and Capablanca Systems.} 9. c3 Nbc6 10. Nh4 {[%emt 0:10:38] [#]} dxc3 $146 ({Predecessor:} 10... h6 11. f4 exf4 12. gxf4 Bg4 13. c4 f5 14. e5 g5 15. fxg5 hxg5 16. Bxg5 Bxe5 {½-½ (27) Grozdanic,V (2016)-Drmic,T (2142) Rabac 2003}) 11. bxc3 Be6 12. Be3 Qa5 13. f4 Bg4 (13... Rfd8 $17 14. f5 Bc4 {[%mdl 64] Pin}) 14. f5 Bxe2 (14... Bf6 $11) 15. Qxe2 f6 16. fxg6 hxg6 (16... Nxg6 $142 17. Nf5 Rad8) 17. Bh3 Nd8 18. Qg4 g5 {[%emt 0:07:12] [#]} 19. Bxg5 $1 fxg5 $2 (19... Qxc3 20. Be3 Rf7) 20. Rxf8+ Kxf8 21. Rf1+ Kg8 22. Qxg5 (22. Qd7 $142 Ndc6 23. Qe6+ Kh7 {[#]} 24. Qf7 $1 ) 22... Qc7 23. Qh5 Qc6 24. Qg5 $2 (24. Bf5 $18 Bh6 25. Bg6 Nxg6 26. Nxg6) 24... Qc7 {[%emt 0:00:17] [#]} 25. Nf5 $1 Nxf5 26. Bxf5 Qd6 {[%emt 0:02:22] [#]} 27. Bg6 $1 Qd7 $18 28. Qh4 Bh8 29. Qh6 Nc6 30. Bh7+ Qxh7 31. Qe6+ Kg7 32. Rf7+ Kg8 33. Rxb7+ Kf8 34. Rxh7 1-0